 Dungeon Crawl Stone Soup version 0.22-a0-810-g93d1441 (webtiles) character file.

5623 zishaf the Martial Artist (level 10, 0/79 HPs)
             Began as a Vine Stalker Transmuter on July 23, 2018.
             Was a Follower of Ru.
             Succumbed to a killer bee's poison
             ... on level 9 of the Dungeon.
             The game lasted 00:36:00 (9777 turns).

zishaf the Martial Artist (Vine Stalker Transmuter) Turns: 9777, Time: 00:36:01

Health: 0/79       AC: 27    Str: 15    XL:     10   Next: 73%
Magic:  0/14       EV:  2    Int: 14    God:    Ru [*.....]
Gold:   441        SH:  0    Dex: 15    Spells: 5/13 levels left

rFire    . . .     SeeInvis .     - Unarmed
rCold    . . .     Gourm    .   (no shield)
rNeg     + + +     Faith    .   (armour currently unavailable)
rPois    +         Spirit   +   (helmet currently unavailable)
rElec    .         Reflect  .   (cloak currently unavailable)
rCorr    .         Harm     .   (gloves currently unavailable)
MR       ++...     NoTele   +   (boots currently unavailable)
Stlth    ++........             (no amulet)
HPRegen  0.63/turn              i - ring of stealth
MPRegen  0.14/turn              v - +2 ring of protection

@: lethally poisoned (0 -> -4), tree-form
A: magic resistance 1, regeneration 1, magic shield, no potion heal 3, rot
immunity, subdued magic 1, no conjurations magic, no earth magic, no hexes magic
a: Renounce Religion


You were on level 9 of the Dungeon.
You worshipped Ru.
Ru was aware of your devotion.
You were not hungry.
You were a tree.
You visited 1 branch of the dungeon, and saw 9 of its levels.

You collected 441 gold pieces.

Inventory:

Hand Weapons
 a - a +0 blowgun
Missiles
 m - 50 arrows
 A - 9 tomahawks (quivered)
 D - 18 poisoned needles
Armour
 h - a +0 plate armour
 o - a +2 hat (melded)
 u - a scarf of cloud immunity
 x - a +0 leather armour
 z - a +0 pair of boots (melded)
 B - a +1 cloak (melded)
 G - a +3 leather armour (melded)
Jewellery
 i - a ring of stealth (left branch)
 v - a +2 ring of protection (right branch)
 E - a +4 amulet of reflection {unknown}
Wands
 n - a wand of paralysis (9)
 y - a wand of iceblast (17)
Scrolls
 b - 2 scrolls of enchant weapon {unknown}
 c - 2 scrolls of amnesia {unknown}
 e - 3 scrolls of teleportation
 f - a scroll of noise {unknown}
 g - 2 scrolls of enchant armour {unknown}
 j - 3 scrolls of identify
 k - a scroll of fog {unknown}
 l - a scroll of magic mapping {unknown}
 p - 4 scrolls of remove curse {unknown}
 q - a scroll of blinking {unknown}
 r - a scroll of fear {unknown}
Potions
 s - a potion of brilliance
 t - 3 potions of mutation
 w - a potion of lignification
 C - 2 potions of flight
 H - a potion of ambrosia {unknown}
Comestibles
 d - 16 rations


   Skills:
 - Level 6.0 Fighting
 - Level 4.0 Throwing
 + Level 4.1 Armour
 - Level 2.0 Dodging
 + Level 8.1 Unarmed Combat
 - Level 2.1 Spellcasting
 + Level 6.7 Translocations
 + Level 7.3 Transmutations


You had 5 spell levels left.
You knew the following spells:

 Your Spells              Type           Power        Failure   Level  Hunger
a - Beastly Appendage     Tmut           ###...       1%          1    #......
b - Blade Hands           Tmut           ###.......   28%         5    ######.
c - Blink                 Tloc           N/A          1%          2    ###....

Your spell library contained the following spells:

 Spells                   Type           Power        Failure   Level  Hunger
 Magic Dart               Conj           #...         21%         1    #......
 Conjure Flame            Conj/Fire      #.......     52%         3    ###....
 Lightning Bolt           Conj/Air       #.........   99%         5    ######.
 Slow                     Hex            #.......     30%         2    ###....
 Mephitic Cloud           Conj/Pois/Air  #.......     52%         3    ###....
 Call Imp                 Summ           #.......     30%         2    ###....
 Shock                    Conj/Air       #...         21%         1    #......
 Swiftness                Chrm/Air       #.......     30%         2    ###....
 Spider Form              Tmut/Pois      #.........   13%         3    ###....
 Ice Form                 Ice/Tmut       #.......     41%         4    #####..
 Airstrike                Air            #.........   91%         4    #####..
 Sticks to Snakes         Tmut           ###.....     1%          2    ###....
 Static Discharge         Conj/Air       #.......     52%         3    ###....


Dungeon Overview and Level Annotations

Branches:
Dungeon (9/15)             Temple (0/1) D:6
   Lair: D:8-11         Orc: D:9-12

Altars:
Ashenzari
Cheibriados
Dithmenos
Fedhas
Makhleb
Okawaru
Ru
Sif Muna
Trog
Uskayaw
Vehumet
Xom

Shops:
D:5 *   D:7 *

Annotations:
D:8 1 runed door, zishaf's ghost, novice SpEn
D:9 Psyche


Innate Abilities, Weirdness & Mutations

((You have razor-sharp teeth.))
Your natural rate of healing is unusually fast.
When hurt, damage is shared between your health and your magic reserves.
((Your bite disrupts and absorbs the magic of your enemies.))
Potions cannot restore your health.
You are immune to rotting.
You cannot study or cast Conjurations magic.
You cannot study or cast Earth magic.
You cannot study or cast Hexes magic.
You are resistant to hostile enchantments. (MR+)
Your spells are a little easier to cast, but a little less powerful.


Message History

You pummel the killer bee!!
You kill the killer bee!
You feel sick.
The killer bee stings you but does no damage. x2
You cannot move.
You pummel the killer bee!!
You kill the killer bee!
The killer bee stings you.
* * * LOW HITPOINT WARNING * * *
The killer bee stings you but does no damage.
You cannot move.
You hit the killer bee.
The killer bee is lightly wounded.
* * * LOW HITPOINT WARNING * * *
You feel sick. The killer bee stings you.
You are more poisoned.
The killer bee poisons you!
You smack the killer bee!
You kill the killer bee!
You die...

#.....### #......
#...## .......
##...### .......
###......###.......
##......##..#.......
##.)......##y(.......
#.........####c......
#(.....†).# .(.....
#......†♣.# #......
##.....††.# ..y...
#........# ......
##.......# .....
#.......# ...(.
#########


There were no monsters in sight!

Vanquished Creatures
  A two-headed ogre (D:9)
  Pikel (D:7)
  Joseph (D:7)
  A hippogriff (D:8)
  A spriggan (D:8)
  Eustachio (D:6)
  Edmund (D:6)
  A sky beast (D:6)
  A phantom (D:7)
  4 orc warriors
  3 ice beasts
  3 black bears
  2 ogres
  A necrophage (D:9)
  3 centaurs
  2 big kobolds
  2 bullfrogs
  2 water moccasin skeletons
  5 killer bees (D:9)
  3 wights (D:6)
  An electric eel (D:7)
  A crimson imp (D:4)
  2 howler monkeys
  3 bullfrog zombies
  5 hounds
  2 jellies
  An orc priest (D:7)
  4 iguanas
  8 orc wizards
  7 worker ants
  A killer bee zombie (D:7)
  A hound zombie (D:8)
  2 hound skeletons
  7 gnolls
  A howler monkey skeleton (D:4)
  9 adders
  2 shadow imps
  An ooze (D:2)
  An adder zombie (D:6)
  An adder skeleton (D:4)
  5 worms
  A dart slug (D:3)
  A leopard gecko (D:6)
  33 orcs
  A ball python (D:4)
  4 giant cockroaches
  4 goblins
  9 hobgoblins
  4 jackals (D:2)
  7 quokkas
  5 bats
  3 frilled lizards
  16 kobolds
  A leopard gecko skeleton (D:4)
  5 rats
  A fungus (D:2)
  4 plants (D:7)
203 creatures vanquished.

Vanquished Creatures (others)
  An orc (D:5)
1 creature vanquished.

Grand Total: 204 creatures vanquished

Notes
Turn   | Place    | Note
-------+----------+-------------------------------------------
     0 | D:1      | zishaf the Vine Stalker Transmuter began the quest for the Orb.
     0 | D:1      | Reached XP level 1. HP: 9/9 MP: 4/4
    84 | D:1      | Reached skill level 1 in Fighting
   457 | D:1      | Reached XP level 2. HP: 12/14 MP: 6/6
  1295 | D:2      | Reached XP level 3. HP: 10/18 MP: 7/7
  1465 | D:2      | Found a shimmering altar of Xom.
  1709 | D:2      | Reached skill level 1 in Armour
  1786 | D:2      | Gained mutation: Your natural rate of healing is unusually fast. [Vine Stalker growth]
  1786 | D:2      | Reached XP level 4. HP: 21/23 MP: 8/8
  1865 | D:2      | Found a sacrificial altar of Ru.
  1872 | D:2      | Became a worshipper of Ru the Awakened
  2366 | D:3      | Reached XP level 5. HP: 22/26 MP: 6/9
  2482 | D:3      | Reached skill level 4 in Unarmed Combat
  2492 | D:3      | Reached skill level 1 in Throwing
  3166 | D:4      | Noticed a black bear
  3183 | D:4      | Killed a black bear
  3183 | D:4      | Reached XP level 6. HP: 31/32 MP: 10/10
  3358 | D:4      | Reached skill level 5 in Unarmed Combat
  3563 | D:4      | Found a hide-covered altar of Uskayaw.
  3701 | D:4      | Found a burning altar of Makhleb.
  3702 | D:4      | Found a radiant altar of Vehumet.
  3737 | D:4      | Reached XP level 7. HP: 36/37 MP: 11/11
  3739 | D:4      | Gained mutation: You cannot study or cast Earth magic. [Ru sacrifice]
  3739 | D:4      | Gained mutation: You cannot study or cast Hexes magic. [Ru sacrifice]
  3739 | D:4      | Gained mutation: You cannot study or cast Conjurations magic. [Ru sacrifice]
  3739 | D:4      | Reached * piety under Ru
  3746 | D:4      | Learned a level 5 spell: Blade Hands
  3917 | D:5      | Entered Level 5 of the Dungeon
  4087 | D:5      | Learned a level 2 spell: Blink
  4242 | D:5      | Reached skill level 1 in Translocations
  4856 | D:5      | Reached skill level 6 in Unarmed Combat
  4856 | D:5      | Gained mutation: You have razor-sharp teeth. [Vine Stalker growth]
  4856 | D:5      | Reached XP level 8. HP: 42/42 MP: 12/12
  5081 | D:5      | Found Wirouniun's Assorted Antiques.
  5219 | D:3      | Found a shattered altar of Ashenzari.
  5595 | D:6      | Noticed Eustachio
  5843 | D:6      | Killed Eustachio
  5843 | D:6      | Reached skill level 5 in Fighting
  5932 | D:6      | Gained mutation: Your spells are a little easier to cast, but a little less powerful. [potion of mutation]
  5932 | D:6      | Gained mutation: You are resistant to hostile enchantments. (MR+) [potion of mutation]
  5978 | D:6      | Noticed Edmund
  6208 | D:6      | Killed Edmund
  6366 | D:6      | Found a shattered altar of Ashenzari.
  6368 | D:6      | Found a shadowy altar of Dithmenos.
  6537 | D:6      | Found a sacrificial altar of Ru.
  6595 | D:6      | Reached XP level 9. HP: 46/47 MP: 13/13
  6677 | D:6      | Found a deep blue altar of Sif Muna.
  6742 | D:6      | Reached skill level 5 in Transmutations
  6888 | D:6      | Found a bloodstained altar of Trog.
  7035 | D:6      | Found a snail-covered altar of Cheibriados.
  7062 | D:6      | Found a bloodstained altar of Trog.
  7139 | D:6      | Found a staircase to the Ecumenical Temple.
  7405 | D:7      | Reached skill level 5 in Translocations
  7414 | D:7      | Found a blossoming altar of Fedhas.
  7414 | D:7      | Found Buba's General Store.
  7451 | D:7      | Noticed Joseph
  7500 | D:7      | Killed Joseph
  7855 | D:7      | Reached XP level 10. HP: 53/53 MP: 14/14
  7924 | D:7      | Found an iron altar of Okawaru.
  8179 | D:7      | Reached skill level 7 in Unarmed Combat
  8434 | D:7      | Noticed Pikel
  8455 | D:7      | Killed Pikel
  9038 | D:8      | Found a runed door.
  9038 | D:8      | Noticed zishaf's ghost (novice SpEn)
  9054 | D:8      | Noticed a manticore
  9614 | D:9      | Noticed Psyche
  9654 | D:9      | Noticed a two-headed ogre
  9671 | D:9      | Noticed a two-headed ogre
  9702 | D:9      | Killed a two-headed ogre
  9702 | D:9      | Reached skill level 8 in Unarmed Combat
  9773 | D:9      | HP: 3/79 [killer bee (1)]
  9775 | D:9      | HP: 1/79 [killer bee (2)]
  9777 | D:9      | Succumbed to a killer bee's poison

Vault maps used:
D:1:      dpeg_arrival_central
D:2:      overflow_temple_1_default, nicolae_ru_the_path_less_chosen
D:3:      lemuel_upstairs_altar
D:4:      grunt_temple_overflow_lords_of_destruction, old_standard_altar,
          minmay_misc_feat_cross
D:5:      serial_shops, kennysheep_little_box, first_ration
D:6:      trog_ov_bears_minmay, nicolae_overflow_hidden_temple, led_sif_book,
          lemuel_crystal_altar, cheibriados_altar_1, temple_hall,
          trog_butcher_becter, uniq_edmund, uniq_eustachio
D:7:      marbit_many_paths, overflow_temple_1_default, serial_shops, shop,
          serial_glass, glass_columns_a, glass_columns_c, serial_bayou_lagoon_a,
          minmay_door_square, uniq_joseph, uniq_pikel
D:8:      ebering_ghost_inner_flame, the_bakery, kennysheep_generic_room_7
D:9:      orc_0_dummy, kennysheep_generic_room_6, uniq_psyche

Skill      XL: |  1  2  3  4  5  6  7  8  9 10 |
---------------+-------------------------------+-----
Fighting       | 1 2 3 4 5 6 |  6.0
Dodging        | 2 |  2.0
Armour         | 1 2 4 |  4.1
Unarmed Combat | 4 5 6 8 |  8.1
Throwing       | 1 2 4 |  4.0
Translocations | 1 3 5 6 |  6.7
Transmutations | 3 4 6 7 |  7.3
Spellcasting   | |  2.1

Action                   |  1- 3 |  4- 6 |  7- 9 | 10-12 || total
-------------------------+-------+-------+-------+-------++-------
Melee: Unarmed           |   140 |   185 |   502 |   240 ||  1067
       Bite              |    27 |    56 |   145 |    82 ||   310
       Punch             |     6 |     2 |    11 |    11 ||    30
 Fire: Blowgun           |       |    58 |    74 |    46 ||   178
Throw: Tomahawk          |       |       |    15 |     2 ||    17
 Cast: Beastly Appendage |       |       |     1 |       ||     1
Invok: Sacrifice Arcana  |       |       |     1 |       ||     1
       Reject Sacrifices |       |       |     1 |       ||     1
  Use: Scroll            |       |       |     4 |     3 ||     7
       Potion            |       |       |     1 |     2 ||     3
 Stab: Distracted        |       |       |     1 |       ||     1
       Sleeping          |       |       |       |     2 ||     2
  Eat: Chunk             |     3 |     6 |    14 |     5 ||    28
       Ration            |       |       |       |     1 ||     1
Armor: Robe              |    12 |       |       |       ||    12
       Leather armour    |     9 |       |       |    38 ||    47
       Ring mail         |    55 |     5 |       |       ||    60
       Scale mail        |       |    48 |   138 |       ||   186
       Skin              |       |       |     1 |    48 ||    49
       Plate armour      |       |       |   154 |    62 ||   216
Dodge: Dodged            |    95 |    80 |   148 |    87 ||   410

Table legend:
 A = Spawn XP
 B = Non-spawn XP
 C = Spawn XP percentage of total XP
 D = Spawn monster count
 E = Non-spawn monster count
 F = Spawn count percentage of total count
 G = Total turns spent on level
                    A         B        C        D         E        F      G
               +---------+---------+-------+---------+---------+-------+---------
         Total |       0 |    8033 |   0.0 |       0 |     199 |   0.0 |  9777
               +---------+---------+-------+---------+---------+-------+---------
           D:1 |       0 |      25 |   0.0 |       0 |      17 |   0.0 |  1227
           D:2 |       0 |      67 |   0.0 |       0 |      22 |   0.0 |   750
           D:3 |       0 |     158 |   0.0 |       0 |      27 |   0.0 |  1015
           D:4 |       0 |     524 |   0.0 |       0 |      14 |   0.0 |  1036
           D:5 |       0 |     662 |   0.0 |       0 |      33 |   0.0 |  1837
           D:6 |       0 |    2082 |   0.0 |       0 |      40 |   0.0 |  1560
           D:7 |       0 |    2103 |   0.0 |       0 |      24 |   0.0 |  1372
           D:8 |       0 |     994 |   0.0 |       0 |      14 |   0.0 |   805
           D:9 |       0 |    1418 |   0.0 |       0 |       8 |   0.0 |   175
               +---------+---------+-------+---------+---------+-------+---------
